Map: Dreamcatcher LE

Players

Lambo

  • Race: Zerg Zerg
  • League: Master
  • Spawn Location: 5:00

soO - Winner!

  • Race: Zerg Zerg
  • League: Master
  • Spawn Location: 11:00

Event: HomeStory Cup XVII

VOD

Have the link to the VOD?

Description

Time

  • Played on: July 1, 2018, 3:26 p.m.
  • Length: 5:50

All games in this series

Show
View Real Time Build Order
Export as new Build Order

Lambo Zerg 

Build Orders: Hatch First 

Get SALT Encoding   

  12  0:00  Drone  
  13  0:12  Overlord  
  13  0:16  Drone  
  14  0:30  Drone x2  
  16  0:47  Hatchery  
  15  0:51  Drone  
  15  0:54  Drone  
  17  0:58  Drone  
  18  1:08  Extractor  
  17  1:12  Spawning Pool  
  17  1:16  Drone  
  17  1:20  Drone  
  18  1:29  Drone  
  19  1:59  Queen x2  
  19  2:00  Zergling x8  
  27  2:06  Spine Crawler  
  26  2:13  Zergling x2  
  25  2:26  Drone  
  25  2:29  Metabolic Boost  
  26  2:31  Drone  
  26  2:35  Drone  
  26  2:44  Overlord  
  26  2:49  Overlord  
  26  3:00  Zergling x4  
  26  3:03  Zergling x4  
  30  3:06  Zergling x4  
  32  3:15  Zergling x6  
  32  3:19  Zergling x4  
  37  3:24  Zergling x4  
  39  3:29  Zergling x2  
  39  3:32  Zergling x2  
  39  3:34  Overlord  
  41  3:42  Zergling x2  
  41  3:45  Zergling x2  
  43  3:49  Zergling x2  
  43  3:55  Zergling x8  
  47  3:59  Zergling x4  
  48  4:07  Zergling x4  
  40  4:20  Zergling x4  
  40  4:24  Zergling x4  
  43  4:28  Zergling x6  
  43  4:33  Zergling x4  
  43  4:37  Zergling x2  
  40  4:40  Zergling x2  
  39  4:45  Zergling x2  
  39  4:50  Zergling x2  
  39  4:56  Evolution Chamber  
  39  4:57  Roach Warren, Zergling x2  
  37  5:01  Zergling x2  
  37  5:06  Zergling x6  
  37  5:07  Zergling x4  
  43  5:10  Zergling x2  
  43  5:12  Zergling x2  
  45  5:16  Zergling x2  
  46  5:23  Zergling x2  
  45  5:28  Zergling x2  
  45  5:31  Zergling x2  
Show
View Real Time Build Order
Export as new Build Order

soO Zerg - Winner!

Build Orders: Pool First 

Get SALT Encoding   

  12  0:17  Spawning Pool  
  11  0:22  Drone  
  11  0:27  Drone  
  13  0:30  Drone  
  14  0:39  Overlord  
  14  1:03  Zergling x4  
  16  1:05  Zergling x2  
  17  1:16  Zergling x2  
  17  1:18  Hatchery  
  17  1:26  Zergling x2  
  18  1:33  Queen  
  18  1:38  Drone  
  21  1:48  Drone  
  21  1:53  Extractor  
  21  1:58  Overlord  
  21  2:11  Drone  
  22  2:16  Queen  
  23  2:26  Drone  
  24  2:34  Drone x2  
  25  2:40  Drone x2  
  25  2:41  Drone x2  
  28  2:45  Drone  
  29  2:52  Drone  
  29  2:54  Drone  
  29  2:57  Queen  
  33  3:04  Overlord  
  33  3:10  Metabolic Boost  
  33  3:17  Drone x2  
  33  3:19  Overlord  
  35  3:29  Zergling x10  
  35  3:32  Zergling x2  
  41  3:36  Overlord  
  41  3:38  Zergling x2  
  42  3:46  Zergling x4  
  44  3:53  Zergling x6  
  44  3:54  Zergling x2  
  44  3:55  Drone  
  49  4:04  Zergling x4  
  49  4:07  Zergling x2  
  49  4:08  Zergling x4  
  42  4:17  Zergling x4  
  43  4:28  Zergling x4  
  44  4:37  Zergling x4  
  44  4:43  Baneling Nest  
  42  4:47  Zergling x4  
  44  5:01  Drone x5  
  44  5:02  Drone x2  
  44  5:06  Hatchery  
  50  5:09  Drone  
  51  5:16  Zergling x2  
  51  5:19  Zergling x2  
  51  5:23  Zergling x2  
  51  5:25  Zergling x4  
  51  5:27  Baneling x4  
Tags
 
Add a new tag
Caveats
  • Supply blocks, unpowered buildings, or Contaminate may cause inaccurate times.
  • Supply counts are checked every 10 seconds.